[Event "Titled Tuesday Blitz August 22 Early 2023"]
[White "Eynullayev, Atilla"]
[Black "Gheorghiu, Calin"]
[WhiteFideId "13413570"]
[BlackFideId "1200305"]
[WhiteElo "2618"]
[BlackElo "2377"]
[Result "1-0"]
[Round "9"]
[TimeControl "180+1"]
[Date "2023.08.22"]
[WhiteClock "0:00:11"]
[BlackClock "0:00:05"]
[Board "133"]

1. d4 Nf6 2. c4 g6 3. Nc3 Bg7 4. e4 d6 5. Be2 O-O 6. Be3 e5 7. d5 Nbd7 8. g4 a5 9. h4 Nc5 10. f3 h5 11. Bg5 c6 12. gxh5 gxh5 13. Qd2 Qb6 14. O-O-O Re8 15. Bh6 Nh7 16. Bxg7 Kxg7 17. Nh3 Bxh3 18. Rxh3 Kh8 19. Qh6 a4 20. a3 Nb3+ 21. Kb1 Nd4 22. Bd3 cxd5 23. exd5 f5 24. Qxh5 Rg8 25. Bxf5 Nxf5 26. Qxf5 Rg2 27. Nxa4 Rxa4 28. Qc8+ Kg7 29. Qd7+ Kg8 30. Qe6+ Kh8 31. Qe8+ Kg7 32. Qd7+ Kh6 33. Qe6+ Rg6 34. Qf7 Rxc4 35. h5 Rg7 36. Qe6+ Kg5 37. Rg1+ Qxg1+ 38. Ka2 Rc1 39. h6 Ra1+ 40. Kb3 Qd1+ 41. Kb4 Qd4+ 42. Kb3 Qd3+ 43. Kb4 Qd4+ 44. Kb3 Qe3+ 45. Kb4 Qf4+ 46. Kb3 Nf6 47. hxg7 Qe3+ 48. Kb4 Qd4+ 49. Kb3 Qd1+ 50. Kc4 Rc1+ 51. Kb4 Qd4+ 52. Ka5 Qc5+ 53. Ka4 Qc4+ 54. Ka5 Qc5+ 55. Ka4 b5+ 56. Ka5 b4+ 57. Ka4 Qc2+ 58. Kb5 Qc4+ 59. Ka4 Qc5 60. g8=Q+ Nxg8 61. Qxg8+ Kf4 62. Rh4+ Ke3 63. Rxb4 Qa7+ 64. Kb3 Rd1 65. Qg5+ Ke2 66. Qg2+ Ke3 67. Qc2 Rd3+ 68. Ka2 Qa6 69. Re4+ Kxf3 70. Qe2+ Kg3 71. Rg4+ Kh3 72. Qg2# 1-0


[Site "https://www.chess.com"]

[Event "Titled Tuesday Blitz August 22 Early 2023"]
[White "Jakubowski, Krzysztof"]
[Black "Labussiere, Yago"]
[WhiteFideId "1112848"]
[BlackFideId "2186969"]
[WhiteElo "2617"]
[BlackElo "2377"]
[Result "1-0"]
[Round "9"]
[TimeControl "180+1"]
[Date "2023.08.22"]
[WhiteClock "0:01:22"]
[BlackClock "0:00:32"]
[Board "134"]

1. c4 e5 2. g3 Nc6 3. Bg2 g6 4. Nc3 Bg7 5. Rb1 a5 6. a3 d6 7. b4 axb4 8. axb4 Nf6 9. b5 Ne7 10. d3 O-O 11. Nf3 c6 12. O-O h6 13. Qb3 Be6 14. Ba3 c5 15. Nd2 Qd7 16. Bb2 h5 17. Ra1 h4 18. Rxa8 Rxa8 19. Ra1 Rxa1+ 20. Bxa1 hxg3 21. hxg3 Bh3 22. Nf1 Bxg2 23. Kxg2 d5 24. cxd5 Nfxd5 25. Qc4 b6 26. e4 Nc7 27. Ne3 Nc8 28. Ncd5 Nd6 29. Qa2 Nxd5 30. Qxd5 Qa7 31. Bxe5 Bxe5 32. Qxe5 1-0


[Site "https://www.chess.com"]

[Event "Titled Tuesday Blitz August 22 Early 2023"]
[White "Shuvalova, Polina"]
[Black "Ovezdurdyyeva, Jemal"]
[WhiteFideId "24171760"]
[BlackFideId "14001888"]
[WhiteElo "2611"]
[BlackElo "2376"]
[Result "1-0"]
[Round "9"]
[TimeControl "180+1"]
[Date "2023.08.22"]
[WhiteClock "0:00:45"]
[BlackClock "0:00:00"]
[Board "135"]

1. b3 Nf6 2. Bb2 g6 3. Nf3 Bg7 4. e4 d6 5. d3 O-O 6. Nbd2 e5 7. Be2 c5 8. O-O Nc6 9. a3 Be6 10. h3 Ne8 11. Nc4 f5 12. exf5 gxf5 13. Qd2 h6 14. Rae1 b5 15. Ne3 f4 16. Ng4 Nf6 17. Nfh2 Qe8 18. Nxf6+ Rxf6 19. Bg4 Bxg4 20. Nxg4 Rg6 21. Kh1 Qf7 22. Qe2 Rf8 23. Qe4 Nd8 24. a4 bxa4 25. bxa4 Ne6 26. Qd5 f3 27. g3 Qf5 28. Re3 h5 29. Nh2 Qxh3 30. Rxf3 Rxf3 31. Qxf3 Ng5 32. Qd5+ Kh7 33. Bc1 h4 34. Bxg5 Rxg5 35. Qe4+ Kg8 36. Qxh4 Qxh4 37. gxh4 Rf5 38. h5 Rxh5 39. Kg2 Rh4 40. Ra1 Kf7 41. Ra2 Ke6 42. Nf3 Rg4+ 43. Kf1 Kd5 44. Nd2 Kd4 45. Ke2 Kc3 46. Ne4+ Kb4 47. Nxd6 Rg6 48. Ne4 Ra6 49. Rb2+ Ka3 50. Rb7 1-0


[Site "https://www.chess.com"]

[Event "Titled Tuesday Blitz August 22 Early 2023"]
[White "Bilan, Danila"]
[Black "Yuruultei Batbaatar"]
[WhiteFideId "24161918"]
[BlackFideId "4905962"]
[WhiteElo "2499"]
[BlackElo "2372"]
[Result "1-0"]
[Round "9"]
[TimeControl "180+1"]
[Date "2023.08.22"]
[WhiteClock "0:00:33"]
[BlackClock "0:00:48"]
[Board "136"]

1. d4 Nf6 2. Nf3 g6 3. Bg5 Bg7 4. c3 O-O 5. Nbd2 d5 6. e3 c5 7. Bd3 Nc6 8. O-O c4 9. Bc2 b5 10. e4 a5 11. a3 h6 12. Bh4 Bg4 13. h3 Be6 14. Re1 Rb8 15. exd5 Nxd5 16. Bxg6 Bxh3 17. Bb1 Bg4 18. Qc2 f5 19. Re6 Qd7 20. Rg6 Kh7 21. Rxg4 b4 22. axb4 axb4 23. Rg3 bxc3 24. bxc3 Kh8 25. Nxc4 Rfc8 1-0


[Site "https://www.chess.com"]

[Event "Titled Tuesday Blitz August 22 Early 2023"]
[White "Goffredo_Fofi"]
[Black "Tanwir, Furqan"]
[BlackFideId "2023962"]
[WhiteElo "2484"]
[BlackElo "2368"]
[Result "1-0"]
[Round "9"]
[TimeControl "180+1"]
[Date "2023.08.22"]
[WhiteClock "0:00:05"]
[BlackClock "0:00:11"]
[Board "137"]

1. d4 d5 2. Nf3 Nf6 3. Bf4 e6 4. e3 c5 5. c3 Nc6 6. Nbd2 Qb6 7. Rb1 Nh5 8. Be5 Nxe5 9. Nxe5 Nf6 10. Bd3 Bd6 11. f4 Qc7 12. O-O a6 13. Rc1 c4 14. Bc2 b5 15. e4 Bb7 16. Nxf7 Bxf4 17. Nxh8 dxe4 18. Rxf4 Qxf4 19. Qe2 Ng4 20. g3 Qe3+ 21. Qxe3 Nxe3 22. Bxe4 Bxe4 23. Nxe4 Ke7 24. Re1 Nd5 25. Ng5 Rxh8 26. Rxe6+ Kd7 27. Rxa6 b4 28. Ra7+ Kc6 29. cxb4 Nxb4 30. Nf7 Re8 31. a4 Nd3 32. a5 Nxb2 33. Ne5+ Kb5 34. Rb7+ Kxa5 35. Rxb2 c3 36. Rc2 Kb4 37. Nd3+ Kb3 38. Rc1 Re3 39. Nf2 Re2 40. Kf1 Rd2 41. Rxc3+ Kxc3 42. Ne4+ Kxd4 43. Nxd2 Ke3 44. Nc4+ Kf3 45. Nd6 g6 46. Nf7 h5 47. Ne5+ 1-0


[Site "https://www.chess.com"]

[Event "Titled Tuesday Blitz August 22 Early 2023"]
[White "Okike, David"]
[Black "slidingknight2775"]
[WhiteFideId "8500134"]
[WhiteElo "2362"]
[BlackElo "2479"]
[Result "0-1"]
[Round "9"]
[TimeControl "180+1"]
[Date "2023.08.22"]
[WhiteClock "0:02:11"]
[BlackClock "0:01:45"]
[Board "138"]

1. e4 c6 2. d4 d5 3. e5 Bf5 4. Nf3 e6 5. Be2 Bb4+ 6. c3 Ba5 7. O-O Nd7 8. h3 Ne7 9. Bf4 Bc7 10. Bh2 O-O 11. Nbd2 h6 12. b4 Bh7 13. a4 Ng6 14. a5 f6 15. exf6 Bxh2+ 16. Nxh2 Nxf6 17. f4 Qd6 18. g3 Ne7 19. Nhf3 Nf5 20. Kh2 Ne3 21. Qc1 Nxf1+ 22. Qxf1 Ne4 23. Nxe4 Bxe4 24. Ne5 g5 25. Bg4 Rf6 26. Bh5 Raf8 27. Ng4 gxf4 28. Nxf6+ Rxf6 29. g4 f3+ 30. Kg1 Qg3+ 0-1


[Site "https://www.chess.com"]

[Event "Titled Tuesday Blitz August 22 Early 2023"]
[White "Albertini, Luca"]
[Black "Czerw, Dawid"]
[WhiteFideId "847038"]
[BlackFideId "1145746"]
[WhiteElo "2354"]
[BlackElo "2476"]
[Result "1-0"]
[Round "9"]
[TimeControl "180+1"]
[Date "2023.08.22"]
[WhiteClock "0:01:12"]
[BlackClock "0:01:12"]
[Board "139"]

1. d4 c5 2. d5 e5 3. c4 d6 4. e4 Be7 5. Nc3 Bg5 6. g3 Bxc1 7. Qxc1 Nh6 8. Bg2 O-O 9. Nge2 a6 10. O-O Nd7 11. a4 f5 12. f4 Qe7 13. Qd2 Nf6 14. Rae1 fxe4 15. Nxe4 Nxe4 16. Bxe4 Bh3 17. Bg2 Bxg2 18. Kxg2 Rae8 19. Nc3 Qd7 20. fxe5 Rxf1 21. e6 Qd8 22. Rxf1 Ng4 23. Ne4 Ne5 24. Qf4 h6 25. Nxc5 Qb6 26. Nd7 Qxb2+ 27. Rf2 Nxd7 28. Qf7+ Kh7 29. exd7 1-0


[Site "https://www.chess.com"]

[Event "Titled Tuesday Blitz August 22 Early 2023"]
[White "Carre, Sylvain"]
[Black "Bazilius, Augustinas"]
[WhiteFideId "642118"]
[BlackFideId "12832251"]
[WhiteElo "2349"]
[BlackElo "2464"]
[Result "0-1"]
[Round "9"]
[TimeControl "180+1"]
[Date "2023.08.22"]
[WhiteClock "0:00:15"]
[BlackClock "0:00:15"]
[Board "140"]

1. d4 Nf6 2. Bf4 g6 3. e3 Bg7 4. Be2 O-O 5. Nf3 d6 6. O-O Re8 7. h3 Nbd7 8. c4 b6 9. Nc3 Bb7 10. Bh2 e5 11. b4 Qe7 12. Re1 Rad8 13. Qb3 Ne4 14. Nxe4 Bxe4 15. d5 Bxf3 16. gxf3 Qh4 17. Bf1 e4 18. Bg3 Qh5 19. f4 Bxa1 20. Rxa1 g5 21. Qb2 gxf4 22. Bxf4 Ne5 23. Kh1 Nd3 24. Bxd3 exd3 25. Rg1+ Kf8 26. Qf6 Qxh3+ 27. Bh2 d2 28. Qa1 Qf3+ 29. Rg2 d1=Q+ 30. Qxd1 Qxd1+ 31. Bg1 Qh5+ 32. Rh2 Qxh2+ 33. Kxh2 Re4 34. Kg3 Rxc4 35. Kf3 Rxb4 36. Bh2 Ra4 37. Bf4 Rxa2 38. e4 Ra3+ 39. Kg4 Re8 40. f3 a5 41. Kf5 Rc3 42. Kf6 a4 43. Bh6+ Kg8 44. f4 a3 45. e5 dxe5 46. fxe5 a2 47. e6 fxe6 48. dxe6 Rxe6+ 49. Kxe6 Rc6+ 50. Kd7 Rxh6 51. Kc8 a1=Q 52. Kb7 c5 0-1


[Site "https://www.chess.com"]

[Event "Titled Tuesday Blitz August 22 Early 2023"]
[White "Shuvalov, Evgenij"]
[Black "Battlecruiser_Operational"]
[WhiteFideId "4187237"]
[WhiteElo "2460"]
[BlackElo "2322"]
[Result "1-0"]
[Round "9"]
[TimeControl "180+1"]
[Date "2023.08.22"]
[WhiteClock "0:00:47"]
[BlackClock "0:00:09"]
[Board "141"]

1. d4 e6 2. c4 f5 3. Nc3 Nf6 4. g3 d5 5. Bg2 c6 6. Nh3 Bd6 7. O-O O-O 8. Nf4 Qe7 9. b3 Nbd7 10. a4 a5 11. Bb2 Kh8 12. Qc1 b6 13. Ba3 Bxa3 14. Qxa3 Qxa3 15. Rxa3 Re8 16. e3 Ba6 17. Rc1 g5 18. Nfe2 Rac8 19. cxd5 exd5 20. Ra2 Kg7 21. Nb1 c5 22. Nbc3 c4 23. bxc4 dxc4 24. Rb2 Kf7 25. Nd5 Re6 26. Nec3 Rd6 27. Rcb1 Rb8 28. Nc7 Bb7 29. Bf1 Rc6 30. N7b5 Ba6 31. Bg2 Re6 32. Nc7 Bb7 33. Nxe6 Kxe6 34. Rb5 Ba6 35. R5b2 Kd6 36. f3 Nd5 37. Nxd5 Kxd5 38. f4+ Kd6 39. fxg5 Rg8 40. h4 h6 41. Rxb6+ Nxb6 42. Rxb6+ Kc7 43. Rxa6 1-0


[Site "https://www.chess.com"]

[Event "Titled Tuesday Blitz August 22 Early 2023"]
[White "Omariev, Maksim"]
[Black "Coelho, Ramyres Santana"]
[WhiteFideId "4193423"]
[BlackFideId "2120690"]
[WhiteElo "2457"]
[BlackElo "2320"]
[Result "0-1"]
[Round "9"]
[TimeControl "180+1"]
[Date "2023.08.22"]
[WhiteClock "0:00:10"]
[BlackClock "0:00:16"]
[Board "142"]

1. g4 e5 2. Bg2 d5 3. d4 e4 4. g5 Be7 5. h4 h6 6. Qd2 hxg5 7. hxg5 Rxh1 8. Bxh1 g6 9. Nc3 Nc6 10. f3 Qd6 11. f4 Bf5 12. e3 O-O-O 13. Nge2 f6 14. gxf6 Nxf6 15. b3 Ng4 16. Ng3 g5 17. Nd1 Qg6 18. Nxf5 Qxf5 19. Bb2 gxf4 20. exf4 e3 21. Nxe3 Qxf4 22. Nxg4 Qxg4 23. Qe2 Bh4+ 24. Kd2 Bg5+ 25. Kd1 Qg1+ 26. Qe1 Qg4+ 27. Qe2 Qf4 28. c3 Rh8 29. Kc2 Rh2 30. Bg2 Qe4+ 31. Qxe4 dxe4 32. Rg1 Be3 33. Re1 Rxg2+ 34. Kb1 Rg1 35. Rxg1 Bxg1 36. d5 Ne5 37. c4 Nd3 38. Bf6 e3 39. Kc2 e2 40. Bc3 e1=Q 41. Bxe1 Nxe1+ 42. Kc3 Kd7 43. b4 Ng2 44. c5 Nf4 45. Kc4 Bf2 46. a4 Be1 47. a5 Ng6 48. Kb5 Nf4 49. c6+ bxc6+ 50. dxc6+ Kd6 51. Ka6 Bxb4 52. Kb7 Bxa5 53. Ka6 Kxc6 54. Kxa7 Kc5 55. Kb8 c6 56. Kb7 Bb6 57. Ka6 Kb4 58. Kb7 c5 59. Kc6 c4 60. Kd7 c3 61. Kc8 c2 62. Kb7 c1=Q 63. Ka6 Qa3+ 64. Kb7 Qa7+ 65. Kc8 Qc7# 0-1


[Site "https://www.chess.com"]

[Event "Titled Tuesday Blitz August 22 Early 2023"]
[White "Llanos, Guillermo"]
[Black "Acikel, Mert"]
[WhiteFideId "100358"]
[BlackFideId "12956465"]
[WhiteElo "2427"]
[BlackElo "2317"]
[Result "1-0"]
[Round "9"]
[TimeControl "180+1"]
[Date "2023.08.22"]
[WhiteClock "0:00:58"]
[BlackClock "0:00:25"]
[Board "143"]

1. c4 e6 2. g3 d5 3. Bg2 Nf6 4. Nf3 Be7 5. O-O O-O 6. b3 d4 7. Bb2 Nc6 8. d3 e5 9. e3 Re8 10. exd4 exd4 11. Na3 Bf5 12. Nc2 Bc5 13. a3 a5 14. b4 axb4 15. axb4 Rxa1 16. Bxa1 Nxb4 17. Nxb4 Bxb4 18. Nxd4 Bg4 19. Qb1 Bc5 20. Nb3 Bb4 21. Nc1 Bc5 22. Bxb7 Qe7 23. Bg2 Rd8 24. Qb5 Bb6 25. Qg5 Bd4 26. Bxd4 Rxd4 27. Qe3 Qd8 28. h3 Bf5 29. g4 Bxd3 30. Rd1 1-0


[Site "https://www.chess.com"]

[Event "Titled Tuesday Blitz August 22 Early 2023"]
[White "micke12a"]
[Black "Romero Ruscalleda, Josep"]
[BlackFideId "2231859"]
[WhiteElo "2317"]
[BlackElo "2416"]
[Result "0-1"]
[Round "9"]
[TimeControl "180+1"]
[Date "2023.08.22"]
[WhiteClock "0:00:23"]
[BlackClock "0:00:26"]
[Board "144"]

1. e4 g6 2. d4 Bg7 3. Nc3 d6 4. Be3 a6 5. h4 h5 6. Bd3 b5 7. f4 Nh6 8. a4 b4 9. Na2 a5 10. Be2 Ba6 11. Nf3 Bxe2 12. Qxe2 Nd7 13. c3 Rb8 14. cxb4 axb4 15. Qc4 Ng4 16. Bd2 c5 17. e5 Nb6 18. Qb5+ Qd7 19. exd6 exd6 20. Qd3 Nxa4 21. O-O O-O 22. dxc5 Nxc5 23. Qd5 Bxb2 24. Rab1 Nf6 25. Qc4 Ba3 26. Nxb4 Nce4 27. Be1 d5 28. Qd4 Rfc8 29. Rb3 Rc4 30. Qe5 Qa7+ 31. Kh2 Ng4+ 0-1


[Site "https://www.chess.com"]

[Event "Titled Tuesday Blitz August 22 Early 2023"]
[White "Osinovsky, Stepan"]
[Black "MateoReyes"]
[WhiteFideId "4157354"]
[WhiteElo "2313"]
[BlackElo "2416"]
[Result "0-1"]
[Round "9"]
[TimeControl "180+1"]
[Date "2023.08.22"]
[WhiteClock "0:00:04"]
[BlackClock "0:01:04"]
[Board "145"]

1. e4 c5 2. Nf3 d6 3. d3 Nc6 4. g3 e5 5. Bg2 Nge7 6. O-O g6 7. c3 Bg7 8. Be3 O-O 9. d4 b6 10. Na3 Bb7 11. Nc4 Ba6 12. Qa4 Bxc4 13. Qxc4 Rc8 14. dxc5 dxc5 15. Bh3 Rc7 16. Rfd1 Qa8 17. Rd6 Na5 18. Qa4 c4 19. Rad1 Qxe4 20. Bg2 Qf5 21. Rd7 Rxd7 22. Qxd7 Nec6 23. Qxf5 gxf5 24. Nh4 f4 25. gxf4 exf4 26. Bxf4 Re8 27. Nf5 Bf8 28. Bd5 Re2 29. b4 cxb3 30. axb3 Ne5 31. Kf1 Ng6 32. Be3 Rb2 33. b4 Nb3 34. Bc4 h5 35. Rd8 h4 36. Bh6 h3 37. Ne7+ Nxe7 38. Bxf8 Nc6 39. Rc8 Nd2+ 40. Ke1 Nxc4 41. Rxc6 Ne5 42. Rc8 Kh7 43. Bd6 Nd3+ 44. Kd1 Nxf2+ 45. Kc1 Ng4 46. Rc7 Rg2 47. Rxf7+ Kg6 48. Rxa7 Nxh2 49. Bxh2 Rxh2 50. Ra8 Rg2 51. Rg8+ Kh7 0-1


[Site "https://www.chess.com"]

[Event "Titled Tuesday Blitz August 22 Early 2023"]
[White "Hoffmann, Asa"]
[Black "Farmani Anosheh, Armin"]
[WhiteFideId "2001470"]
[BlackFideId "24613240"]
[WhiteElo "2281"]
[BlackElo "2410"]
[Result "0-1"]
[Round "9"]
[TimeControl "180+1"]
[Date "2023.08.22"]
[WhiteClock "0:00:17"]
[BlackClock "0:00:20"]
[Board "146"]

1. d4 Nf6 2. Bg5 d5 3. Nd2 c5 4. c3 cxd4 5. cxd4 Nc6 6. e3 Bf5 7. a3 e6 8. Ngf3 Be7 9. Be2 O-O 10. Nh4 Be4 11. f3 Bg6 12. Nxg6 hxg6 13. Bf4 Nh5 14. Bg3 Nxg3 15. hxg3 e5 16. Nb3 exd4 17. Nxd4 Bf6 18. Nxc6 bxc6 19. Qc2 Qb6 20. Kf2 Rfe8 21. Qd3 Rad8 22. Rhe1 c5 23. Qb5 Bxb2 24. Qxb6 axb6 25. Rab1 Bc3 26. Red1 Re6 27. Rb3 Ba5 28. Rbd3 Red6 29. f4 c4 30. Rd4 Bc3 31. Bf3 Bxd4 32. Rxd4 f5 33. g4 Kf7 34. Ke2 Ke6 35. Kd2 b5 36. gxf5+ gxf5 37. g4 g6 38. Kc2 Ra6 39. Kb2 Ra4 40. Bd1 Ra5 41. gxf5+ gxf5 42. Bc2 Rb8 43. Rd1 b4 44. a4 b3 45. Bb1 Rxa4 46. Rh1 Rf8 47. Rh6+ Rf6 48. Rh8 Ra7 49. Re8+ Re7 50. Rd8 Rd7 51. Re8+ Kd6 52. Re5 Re7 53. Rxf5 Rxf5 54. Bxf5 Rxe3 55. Bg6 Rf3 56. f5 Kc5 0-1


[Site "https://www.chess.com"]

[Event "Titled Tuesday Blitz August 22 Early 2023"]
[White "Kaminski, Victor"]
[Black "Mrudul Dehankar"]
[WhiteFideId "1131630"]
[BlackFideId "25096990"]
[WhiteElo "2269"]
[BlackElo "2407"]
[Result "1-0"]
[Round "9"]
[TimeControl "180+1"]
[Date "2023.08.22"]
[WhiteClock "0:00:19"]
[BlackClock "0:00:00"]
[Board "147"]

1. e4 c6 2. Nf3 d5 3. d3 dxe4 4. dxe4 Qxd1+ 5. Kxd1 g6 6. Bc4 Nd7 7. e5 Nb6 8. Bb3 Bg4 9. Nd2 Bg7 10. h3 Bd7 11. Re1 e6 12. Ne4 O-O-O 13. Nd6+ Kb8 14. Nxf7 Rf8 15. Nxh8 Bxh8 16. Be3 Nd5 17. Bc5 Rf4 18. Bd6+ Kc8 19. Ke2 Nh6 20. c4 Nb6 21. c5 Nd5 22. Rad1 Nf7 23. Kf1 g5 24. Rd4 h5 25. Bxd5 Rxd4 26. Nxd4 cxd5 27. Kg1 b6 28. b4 Kb7 29. g3 a5 30. a3 Nxd6 31. cxd6 Bc8 32. f4 gxf4 33. gxf4 Bg7 34. Kf2 Bh6 35. Kf3 Bd7 36. f5 exf5 37. e6 1-0


[Site "https://www.chess.com"]

[Event "Titled Tuesday Blitz August 22 Early 2023"]
[White "Tomaszewski, Kacper"]
[Black "Ai, Evan"]
[WhiteFideId "1127373"]
[BlackFideId "2094770"]
[WhiteElo "2405"]
[BlackElo "2260"]
[Result "0-1"]
[Round "9"]
[TimeControl "180+1"]
[Date "2023.08.22"]
[WhiteClock "0:00:00"]
[BlackClock "0:00:08"]
[Board "148"]

1. g3 e5 2. Bg2 d5 3. d3 Nf6 4. a3 c6 5. c4 Be6 6. cxd5 cxd5 7. Nf3 Nc6 8. O-O a5 9. Nc3 h6 10. d4 e4 11. Ne5 Bd6 12. Nxc6 bxc6 13. Na4 O-O 14. f3 exf3 15. exf3 Nd7 16. Be3 Nb6 17. Nc5 Nc4 18. Bf2 Bxc5 19. dxc5 Nxb2 20. Qe2 Nc4 21. Bd4 Bf5 22. g4 Re8 23. Qd1 Bg6 24. Re1 Rxe1+ 25. Qxe1 Qg5 26. Qc3 h5 27. h3 hxg4 28. hxg4 f6 29. Rd1 Re8 30. Bf1 Qf4 31. Bxc4 Qg3+ 32. Kf1 dxc4 33. Qxc4+ Kh7 34. Qc3 Qh2 35. Bf2 Qh1+ 36. Bg1 Qh3+ 37. Kf2 Qh4+ 38. Kf1 Qg3 39. Bf2 Qh2 40. Re1 Qh1+ 41. Bg1 Rxe1+ 42. Qxe1 Qxf3+ 43. Bf2 Qh3+ 44. Kg1 Qxg4+ 45. Bg3 Qd4+ 46. Bf2 Qg4+ 47. Bg3 Be4 48. Qe3 Qd1+ 49. Be1 Qg4+ 50. Bg3 Bf3 51. Qf4 Qxf4 52. Bxf4 g5 53. Bc7 a4 54. Kf2 Bd5 55. Kg3 Kg6 56. Bd8 f5 57. Bc7 f4+ 58. Kg4 Be6+ 59. Kf3 Kf5 60. Bb8 Bd5+ 61. Kf2 g4 62. Kg1 Ke4 63. Bd6 g3 64. Bb8 Kf3 65. Bc7 Kg4 66. Bd6 f3 67. Kf1 Bc4+ 68. Ke1 f2+ 0-1


[Site "https://www.chess.com"]

[Event "Titled Tuesday Blitz August 22 Early 2023"]
[White "Ronka, Erik"]
[Black "Sarkar, Justin"]
[WhiteFideId "505080"]
[BlackFideId "2010011"]
[WhiteElo "2404"]
[BlackElo "2250"]
[Result "1-0"]
[Round "9"]
[TimeControl "180+1"]
[Date "2023.08.22"]
[WhiteClock "0:01:02"]
[BlackClock "0:00:00"]
[Board "149"]

1. e4 c5 2. a3 g6 3. b4 Bg7 4. Nc3 Nc6 5. Rb1 d6 6. Nge2 Nf6 7. g3 h5 8. h3 Nd4 9. Bg2 Bd7 10. bxc5 dxc5 11. e5 Nh7 12. f4 Rb8 13. O-O Bc6 14. Ne4 Nf8 15. c3 Nxe2+ 16. Qxe2 Ne6 17. d3 Qd7 18. Be3 Rd8 19. Rbd1 b6 20. d4 cxd4 21. cxd4 Bd5 22. g4 hxg4 23. hxg4 Qb7 24. Bf2 1-0


[Site "https://www.chess.com"]

[Event "Titled Tuesday Blitz August 22 Early 2023"]
[White "AndresDelgado77"]
[Black "SergioMoralesG"]
[WhiteElo "2249"]
[BlackElo "2404"]
[Result "0-1"]
[Round "9"]
[TimeControl "180+1"]
[Date "2023.08.22"]
[WhiteClock "0:00:00"]
[BlackClock "0:00:03"]
[Board "150"]

1. e4 c5 2. Nf3 e6 3. c3 Nf6 4. Bd3 d5 5. e5 c4 6. Bc2 Nfd7 7. O-O Nc6 8. Re1 Qc7 9. Qe2 h6 10. b3 b5 11. a4 cxb3 12. Bxb3 b4 13. d4 Na5 14. Bxd5 exd5 15. e6 Nf6 16. Bf4 Qxf4 17. Qb5+ Kd8 18. Qxa5+ Qc7 19. e7+ Bxe7 20. Qxc7+ Kxc7 21. Rxe7+ Kd6 22. Rxf7 b3 23. Nbd2 b2 24. Rb1 Rb8 25. Rxg7 Bf5 26. Rf7 Bxb1 27. Nxb1 Ne4 28. Rxa7 Rhc8 29. h4 Nxc3 30. Ra6+ Ke7 31. Nxc3 Rxc3 32. Nd2 b1=Q+ 33. Nxb1 Rxb1+ 34. Kh2 Ra3 35. Rxh6 Rxa4 36. Rg6 Rxd4 37. g3 Rd2 38. Kh3 Rbb2 39. h5 Rxf2 40. h6 Rh2+ 41. Kg4 Rb3 42. Kf5 Rf3+ 43. Ke5 Rff2 44. Kxd5 Kf7 45. Rg7+ Kf8 46. Rg6 Rf7 47. g4 Re2 48. g5 Rh7 0-1


[Site "https://www.chess.com"]

[Event "Titled Tuesday Blitz August 22 Early 2023"]
[White "Rom, Jasper"]
[Black "Cagara, Paulina"]
[WhiteFideId "2023733"]
[BlackFideId "1124870"]
[WhiteElo "2396"]
[BlackElo "2157"]
[Result "0-1"]
[Round "9"]
[TimeControl "180+1"]
[Date "2023.08.22"]
[WhiteClock "0:00:00"]
[BlackClock "0:00:44"]
[Board "151"]

1. e4 c6 2. Nc3 d5 3. Nf3 Bg4 4. h3 Bxf3 5. Qxf3 e6 6. Be2 Nd7 7. d4 Bb4 8. Bd2 dxe4 9. Nxe4 Bxd2+ 10. Nxd2 Ngf6 11. O-O O-O 12. Bd3 Re8 13. Rad1 Nf8 14. Nc4 Qd5 15. Qg3 Rad8 16. b3 Ne4 17. Qe3 Nf6 18. Ne5 Ng6 19. Nf3 Qh5 20. Rfe1 Nh4 21. Ne5 Nd5 22. Qe4 Nc3 23. Qg4 Qxg4 24. hxg4 Nxd1 25. Rxd1 f6 26. Nc4 g6 27. Na5 Rd7 28. Be2 g5 29. g3 Ng6 30. c3 Red8 31. Re1 e5 32. Bc4+ Kg7 33. Be6 Re7 34. Bf5 exd4 35. Rd1 Ne5 36. Kg2 d3 37. f4 Ng6 38. Kf3 gxf4 39. gxf4 Nh4+ 40. Kf2 Nxf5 41. gxf5 Re2+ 42. Kf3 Rxa2 43. Nxb7 Rb8 44. Nc5 d2 45. b4 Rc2 46. Ne4 Rd8 47. Ke3 Kf7 0-1


[Site "https://www.chess.com"]

[Event "Titled Tuesday Blitz August 22 Early 2023"]
[White "Bogaudinov, Rushan"]
[Black "Feliz Dotel, Dewar Bienvenido"]
[WhiteFideId "4129288"]
[BlackFideId "6402801"]
[WhiteElo "2396"]
[BlackElo "2152"]
[Result "0-1"]
[Round "9"]
[TimeControl "180+1"]
[Date "2023.08.22"]
[WhiteClock "0:00:16"]
[BlackClock "0:00:09"]
[Board "152"]

1. d4 d5 2. e3 e6 3. Nf3 c5 4. Be2 Nc6 5. O-O Nf6 6. a3 Be7 7. dxc5 Bxc5 8. b4 Bd6 9. Bb2 O-O 10. Nbd2 a6 11. c4 dxc4 12. Nxc4 Be7 13. Qxd8 Rxd8 14. Nb6 Rb8 15. Rfd1 Rxd1+ 16. Rxd1 Bd8 17. Nc4 b5 18. Na5 Bb7 19. Nxb7 Rxb7 20. g3 Rd7 21. Rc1 Ne7 22. Bd4 Ned5 23. Ne5 Rc7 24. Rxc7 Bxc7 25. Kg2 Kf8 26. Nd3 Bd6 27. Nc5 Nc7 28. f4 Nfd5 29. Kf3 f6 30. e4 Ne7 31. h4 Nc6 32. Be3 e5 33. h5 exf4 34. gxf4 h6 35. Bd3 Ke7 36. Nb3 Ne6 37. Bc1 Ned4+ 38. Nxd4 Nxd4+ 39. Ke3 Nc6 40. Bb2 Bb8 41. Be2 Ba7+ 42. Kd3 Kd6 43. Bc1 Nd4 44. Bd1 Ne6 45. f5 Ng5 46. Bf4+ Ke7 47. e5 fxe5 48. Bxe5 Kf7 49. Bd4 Bb8 50. Bb3+ Kf8 51. a4 Nf3 52. Bc5+ Ke8 53. Ke4 Nd2+ 54. Kd5 Nxb3 55. a5 Nxc5 56. Kxc5 Ba7+ 57. Kc6 Bd4 58. Kb7 Bc3 59. Kxa6 Bxb4 60. Kxb5 Bd2 61. a6 Be3 62. Kc6 Kf7 63. Kd5 Kf6 64. Ke4 Ba7 65. Kf4 Bb6 66. Kg4 Ke5 67. Kh4 Kxf5 68. Kh3 Kg5 69. Kg3 Kxh5 70. Kf4 Kh4 71. Kf3 g5 72. Kg2 Kg4 73. Kh2 h5 74. Kg2 h4 75. Kh2 Kf4 76. Kh1 Kf3 77. Kh2 Kf2 78. Kh1 g4 79. Kh2 g3+ 80. Kh3 g2 81. Kg4 g1=Q+ 82. Kf5 h3 83. Ke6 h2 84. Kd7 h1=Q 85. Kc8 Qg8+ 86. Kd7 Qhh7+ 87. Kc6 Ba7 88. Kb5 Qgg6 89. Ka4 Qh4+ 90. Kb3 Qd3+ 91. Kb2 Qb4+ 92. Ka1 Qbb1# 0-1


[Site "https://www.chess.com"]

[Event "Titled Tuesday Blitz August 22 Early 2023"]
[White "Sailer, Mike"]
[Black "Hajiyev, Kanan"]
[WhiteFideId "2012901"]
[BlackFideId "13404148"]
[WhiteElo "2236"]
[BlackElo "2482"]
[Result "0-1"]
[Round "9"]
[TimeControl "180+1"]
[Date "2023.08.22"]
[WhiteClock "0:00:10"]
[BlackClock "0:01:31"]
[Board "153"]

1. e4 g6 2. h4 Bg7 3. h5 Nf6 4. Nc3 Nxh5 5. Rxh5 gxh5 6. Qxh5 e6 7. Nf3 Qf6 8. d4 Qg6 9. Qh4 Nc6 10. Be3 d6 11. O-O-O Bd7 12. d5 Ne5 13. Nxe5 Bxe5 14. dxe6 fxe6 15. Nb5 Bxb5 16. Bxb5+ c6 17. Bd3 Qf6 18. Qh5+ Qf7 19. Qh4 Bf6 20. Qh3 h5 21. f4 b6 22. e5 dxe5 23. fxe5 Bxe5 24. Bc4 Ke7 25. Bg5+ Bf6 26. Rf1 Bxg5+ 0-1


[Site "https://www.chess.com"]